 Dungeon Crawl Stone Soup version 0.29.1-15-g9cfb28693d (webtiles) character file.

Game seed: 7062419680769969534

91 kingofthe the Conjurer (level 4, -5/24 HPs)
             Began as a Deep Elf Conjurer on Mar 6, 2023.
             Slain by a gnoll
             ... wielding a +0 whip
             ... led by a gnoll bouda
              (7 damage)
             ... on level 4 of the Dungeon.
             The game lasted 00:04:25 (2451 turns).

kingofthe the Conjurer (Deep Elf Conjurer)          Turns: 2451, Time: 00:04:26

Health: -5/24      AC:  3    Str:  4    XL:     4   Next: 34%
Magic:  5/12       EV: 12    Int: 23    God:
Gold:   148        SH:  0    Dex: 15    Spells: 9/12 levels left

rFire   . . .      SeeInvis .   h - +3 quarterstaff
rCold   . . .      Faith    .   (shield currently unavailable)
rNeg    . . .      Spirit   .   a - +0 robe
rPois   .          Reflect  .   j - +0 helmet
rElec   .          Harm     .   (no cloak)
rCorr   .          Rampage  .   (no gloves)
Will    .....                   (no boots)
Stlth   ++........              f - amulet of magic regeneration
HPRegen 0.08/turn               (no ring)
MPRegen 0.53/turn               (no ring)

@: no status effects
A: no striking features
a: no special abilities


You were on level 4 of the Dungeon.
You visited 1 branch of the dungeon, and saw 4 of its levels.

You collected 148 gold pieces.


   Skills:
 - Level 2.4 Dodging
 - Level 2.4 Stealth
 * Level 4.9 Spellcasting
 * Level 5.5 Conjurations


You had 9 spell levels left.
You knew the following spells:

 Your Spells              Type           Power      Damage    Failure   Level
a - Magic Dart            Conj           100%       1d8       1%          1
b - Searing Ray           Conj           62%        2d6       1%          2

Your spell library contained the following spells:

 Spells                   Type           Power      Damage    Failure   Level
 Shock                    Conj/Air       72%        1d7       3%          1
 Dazzling Flash           Conj/Hex       36%        N/A       9%          3
 Summon Guardian Golem    Hex/Summ       5%         N/A       28%         3
 Swiftness                Air            5%         N/A       28%         3
 Fulminant Prism          Conj/Hex       9%         3d7       30%         4
 Iskenderun's Mystic Bla  Conj/Tloc      18%        2d6       30%         4
 Airstrike                Air            2%         2d(1-17)  67%         4
 Orb of Destruction       Conj           15%        9d7       100%        7
 Spellforged Servitor     Conj/Summ      9%         N/A       100%        7

Inventory:

Hand Weapons
 h - a +3 quarterstaff (weapon)
Missiles
 n - a throwing net {=f}
Armour
 a - a +0 robe (worn)
 j - a +0 helmet (worn)
Jewellery
 f - an amulet of magic regeneration (around neck)
Wands
 s - a wand of iceblast (13)
Scrolls
 c - a scroll of enchant armour {unknown}
 d - 2 scrolls of blinking {unknown}
 g - 2 scrolls of noise {unknown}
 i - a scroll of enchant weapon {unknown}
 l - 2 scrolls of amnesia {unknown}
 o - a scroll of identify {unknown}
Potions
 b - a potion of magic
 e - a potion of resistance {unknown}
 k - 2 potions of haste {unknown}
 m - a potion of curing {unknown}
 p - a potion of lignification {unknown}
 q - a potion of invisibility {unknown}
 r - a potion of brilliance {unknown}

Dungeon Overview and Level Annotations

Branches:
Dungeon (4/15)
 Temple: D:4-7

Altars:
Gozag
Makhleb
Zin

...... #....#
#. #....## #.#
###..... ...
...... #.#
#...#
...#.g.###.##.
#.#gg@.......
#...#.###....
###.#.# #
...g..g.......#
....####<.....#
#. #.~~≈...
#.>.~~~~
##......≈.. #..
......#.


You could see 3 gnolls.


Message History

Press: ? - help, Shift-Dir - straight line, f - gnoll bouda
Aim: a gnoll bouda, wielding a +0 whip and wearing a +0 leather armour (almost dead, 82% to hit)
The searing ray hits the gnoll bouda but does no damage.
The gnoll bouda is almost dead. (Press . to maintain the ray.)
The gnoll bouda calls upon its god to heal the gnoll.
The gnoll is healed somewhat.
The searing ray misses the gnoll bouda.
The gnoll bouda hits you with a +0 whip!
A gnoll comes into view. It is wielding a +0 club.
The searing ray hits the gnoll bouda.
The gnoll bouda is almost dead.
The gnoll bouda gazes fiercely through you!
You feel your attacks grow feeble. The gnoll bouda closely misses you.
The searing ray hits the gnoll bouda.
You kill the gnoll bouda!
You finish channelling your searing ray.
The gnoll hits you with a +0 club.
* * * LOW HITPOINT WARNING * * *
The gnoll closely misses you.
You have reached level 4!
You feel clever. The gnoll misses you.
Your attacks no longer feel as feeble.
The gnoll barely misses you. The gnoll hits you with a +0 whip!
* * * LOW HITPOINT WARNING * * *
There is a stone staircase leading up, spattered with blood here.
The gnoll hits you with a +0 whip!
You die...

Skill      XL: |  1  2 |
---------------+-------+-----
Spellcasting   | 4 |  4.9
Conjurations   | 5 |  5.5
Dodging        | |  2.4
Stealth        | |  2.4

Action                   |  1- 3 |  4- 6 || total
-------------------------+-------+-------++-------
 Cast: Magic Dart        |    56 |       ||    56
       Searing Ray       |     4 |       ||     4
Dodge: Dodged            |     4 |     2 ||     6

Levels and vault maps discovered:
D:1:      evilmike_arrival_plus, layout_basic
D:2:      layout_rooms, basic_ecumenical_altar, minmay_misc_feat_nine_boxes
D:3:      layout_basic, mainiacjoe_overflow_catwalk, lemuel_crystal_altar,
          lightli_temple_of_fire
D:4:      minmay_octagon_keep, layout_rooms, minmay_temple_entry_poolview,
          serial_glass, glass_columns_c, glass_columns_a,
          minmay_misc_feat_roman, chequers_serial_rivers_small_a, uniq_pargi

Notes
Turn   | Place    | Note
-------+----------+-------------------------------------------
     0 | D:1      | kingofthe the Deep Elf Conjurer began the quest for the
                  | Orb.
     0 | D:1      | Reached XP level 1. HP: 10/10 MP: 6/6
   283 | D:1      | Reached XP level 2. HP: 15/15 MP: 5/8
   286 | D:1      | Learned a level 2 spell: Searing Ray
  1084 | D:2      | Reached skill level 4 in Spellcasting
  1220 | D:2      | Reached skill level 5 in Conjurations
  1220 | D:2      | Reached XP level 3. HP: 19/19 MP: 7/10
  1318 | D:2      | Found a faded altar of an unknown god.
  1861 | D:3      | Found a burning altar of Makhleb.
  1923 | D:3      | Found a glowing silver altar of Zin.
  1963 | D:3      | Found an opulent altar of Gozag.
  2386 | D:4      | Noticed a scorpion
  2448 | D:4      | Reached XP level 4. HP: 10/24 MP: 3/12
  2450 | D:4      | HP: 2/24 [gnoll/+0 whip[a gnoll bouda] (8)]
  2451 | D:4      | Slain by a gnoll

Vanquished Creatures
  A gnoll bouda (D:4)
  A gnoll (D:4)
  2 adders
  A dart slug (D:1)
  5 bats
  6 endoplasms
  A giant cockroach (D:2)
  A goblin (D:3)
  4 hobgoblins
  A quokka (D:1)
  2 ball pythons
  4 frilled lizards
  4 rats
33 creatures vanquished.

Table legend: (Time is in decaauts)
 A = Elapsed time spent in this place.
 B = Non-inter-level travel time spent in this place.
 C = Inter-level travel time spent in this place.
 D = Time resting spent in this place.
 E = Time spent auto-exploring this place.
 F = Levels seen in this place.
 G = Mean time per level.
                   A        B        C        D        E       F      G
               +--------+--------+--------+--------+--------+-----+--------+
         Total |   2450 |   2325 |    125 |      0 |   2107 |   4 |  612.5 |
       Dungeon |   2450 |   2325 |    125 |      0 |   2107 |   4 |  612.5 |
               +--------+--------+--------+--------+--------+-----+--------+

Top non-repeatable levels by time:
     D:1: 1078 daAuts
     D:3: 779 daAuts
     D:2: 540 daAuts
     D:4: 51 daAuts

Table legend:
 A = Non-vault XP
 B = Vault XP
 C = Vault XP percentage of total XP
 D = Non-vault monster count
 E = Vault monster count
 F = Vault count percentage of total count
                 A         B        C        D         E       F
            +---------+---------+-------+---------+---------+-------
      Total |     131 |       0 |   0.0 |      33 |       0 |   0.0
            +---------+---------+-------+---------+---------+-------
        D:1 |      24 |       0 |   0.0 |      13 |       0 |   0.0
        D:2 |      22 |       0 |   0.0 |       7 |       0 |   0.0
        D:3 |      30 |       0 |   0.0 |      11 |       0 |   0.0
        D:4 |      55 |       0 |   0.0 |       2 |       0 |   0.0
            +---------+---------+-------+---------+---------+-------
